 Dungeon Crawl Stone Soup version 0.32-a0-913-g739538afd8 (webtiles) character file.

Game seed: 7024842158559821900

101 Biggs the Changeling (level 4, -2/28 HPs)
             Began as an Octopode Shapeshifter on Apr 9, 2024.
             Slain by a gnoll
             ... wielding a +0 whip
              (8 damage)
             ... on level 3 of the Dungeon.
             The game lasted 00:05:49 (1935 turns).

Biggs the Changeling (Octopode Shapeshifter)        Turns: 1935, Time: 00:05:49

Health: -2/28      AC:  1    Str: 15    XL:     4   Next: 75%
Magic:  4/4        EV: 12    Int: 12    God:
Gold:   136        SH:  0    Dex: 11    Spells: 3/3 levels left

rFire   . .          .
                       - Unarmed
rCold   . . .        (no shield)
rNeg    . . .        (helmet currently unavailable)
rPois   .            (no amulet)
rElec   .            (no ring)
rCorr   .            (no ring)
SInv    .            (no ring)
Will    .....        (no ring)
Stlth   ++           (no ring)
HPRegen 0.24/turn    (no ring)
MPRegen 0.09/turn    (no ring)
                     (no ring)

%: no passive effects
@: beast-form, attractive
A: beast (slay +2), almost no armour, amphibious, 8 rings, camouflage 1,
gelatinous body 1, (nimble swimmer 1), tentacles
a: Begin Untransformation


You were on level 3 of the Dungeon.
You were a hulking beast.
You visited 1 branch of the dungeon, and saw 3 of its levels.

You collected 136 gold pieces.

Inventory:

Jewellery
 j - an amulet of guardian spirit
Talismans
 b - a beast talisman (active)
 c - a flux talisman
Scrolls
 d - a scroll of immolation {unknown}
 f - 4 scrolls of identify {unknown}
 h - a scroll of silence {unknown}
 k - a scroll of fear {unknown}
 l - a scroll of teleportation {unknown}
Potions
 a - 2 potions of lignification
 e - 2 potions of attraction
 g - a potion of degeneration {unknown}
 i - 2 potions of resistance {unknown}
 m - a potion of curing {unknown}
 n - 2 potions of brilliance {unknown}


   Skills:
 - Level 1.0 Fighting
 - Level 2.0 Dodging
 - Level 3.0 Unarmed Combat
 + Level 5.0 Shapeshifting


You had 3 spell levels left.
You didn't know any spells.
Your spell library contained the following spells:

 Spells                   Type           Power      Damage    Failure   Level
 Necrotise                Necr           0%         1d4       32%         1
 Sublimation of Blood     Necr           0%         N/A       45%         2
 Passwall                 Erth           0%         N/A       69%         3
 Vampiric Draining        Necr           0%         2d6       69%         3
 Volatile Blastmotes      Fire/Tloc      0%         2d10      69%         3
 Cause Fear               Hex            0%         N/A       97%         4
 Martyr's Knell           Necr/Summ      0%         N/A       97%         4
 Petrify                  Alch/Erth      0%         N/A       97%         4
 Vhi's Electric Charge    Tloc/Air       0%         N/A       97%         4
 Curse of Agony           Necr           0%         N/A       100%        5
 Fireball                 Conj/Fire      0%         3d3       100%        5
 Irradiate                Conj/Alch      0%         3d11      100%        5
 Bombard                  Conj/Erth      0%         9d1       100%        6
 Dragon's Call            Summ           0%         N/A       100%        9


Dungeon Overview and Level Annotations

Branches:
Dungeon (2/15)

Altars:


Innate Abilities, Weirdness & Mutations

You are a hulking beast.
Your limbs bulge with bestial killing power. (Slay +2)
You cannot wear most types of armour.
You are amphibious.
You can wear up to eight rings at the same time.
Your skin changes colour to match your surroundings (Stealth+).
Your rubbery body absorbs attacks. (AC +1, EV +1)
((You are camouflaged when in or above water. (Stealth+)))
You have tentacles for arms and can constrict up to eight enemies at once.


Message History

Unknown command.
You bludgeon the gnoll! You grab the gnoll. You squeeze the gnoll.
The gnoll is almost dead.
You constrict the gnoll.
You kill the gnoll!
The ball python bites you. The ball python barely misses you.
You tentacle-slap the gnoll. Your grab misses the gnoll.
The gnoll is heavily wounded.
The ball python barely misses you. The ball python grabs you.
The ball python constricts you. The gnoll hits you with a +0 club.
The gnoll shouts!
You bludgeon the gnoll! You grab the gnoll.
The gnoll is almost dead.
You constrict the gnoll.
You kill the gnoll!
The ball python bites you. The ball python constricts you.
Your Shapeshifting skill increases to level 5!
You barely miss the ball python. Your grab misses the ball python.
The ball python bites you.
* * * LOW HITPOINT WARNING * * *
The ball python constricts you.
You closely miss the ball python. Your grab misses the ball python.
You squeeze the ball python.
The ball python is heavily wounded.
The ball python bites you.
* * * LOW HITPOINT WARNING * * *
The ball python constricts you.
* * * LOW HITPOINT WARNING * * *
You closely miss the ball python. Your grab misses the ball python.
The ball python is heavily wounded.
The ball python bites you.
* * * LOW HITPOINT WARNING * * *
The ball python constricts you.
You tentacle-slap the ball python.
You kill the ball python!
It was a potion of attraction.
You feel attractive to monsters.
You closely miss the gnoll. You grab the gnoll. You constrict the gnoll.
The gnoll hits you with a +0 whip!
You die...

###........#####
#####......###.....#
......##.#.###.....#
........#.........#
....#..#..##.....#
#...............#
#..#.#...########
#........##
#h†..)....#
#g##.#.).##
#[##..........
...#####.......#.####
.........##.##.#.#
...#.####..##.##....
#[ #........#.## ..
#.###.####.# # #g
#......... .


You could see a gnoll.

Vanquished Creatures
  2 gnolls (D:3)
  2 adders
  6 dart slugs
  9 ball pythons
  4 endoplasms
  3 goblins
  4 hobgoblins
  4 jackals (D:1)
  3 quokkas (D:1)
  4 bats (D:1)
  2 frilled lizards
  4 kobolds
  2 rats (D:2)
49 creatures vanquished.

Notes
Turn   | Place    | Note
-------+----------+-------------------------------------------
     0 | D:1      | Biggs the Octopode Shapeshifter began the quest for the
                  | Orb.
     0 | D:1      | Reached XP level 1. HP: 13/13 MP: 1/1
   157 | D:1      | Reached XP level 2. HP: 18/18 MP: 2/2
   566 | D:1      | Reached XP level 3. HP: 18/23 MP: 3/3
   568 | D:1      | Reached skill level 4 in Shapeshifting
  1176 | D:2      | Reached XP level 4. HP: 25/28 MP: 4/4
  1803 | D:2      | You fall into a shaft and drop 1 floor!
  1930 | D:3      | Reached skill level 5 in Shapeshifting
  1935 | D:3      | Slain by a gnoll

Illustrated notes

Levels and vault maps discovered:
D:1:      reono_arrival_forest_river, layout_loops_corners
D:2:      layout_basic, minmay_crystal_room,
          wander_ebering_terrifying_dragon_lair
D:3:      layout_loops_cross, nicolae_ashenzari_panopticon, item_on_display_a

Skill      XL: |  1  2  3  4 |
---------------+-------------+-----
Shapeshifting  | 4 5 |  5.0
Fighting       | |  1.0
Dodging        | |  2.0
Unarmed Combat | |  3.0

Action                     |  1- 3 |  4- 6 || total
---------------------------+-------+-------++-------
  Melee: Unarmed           |    62 |    22 ||    84
         Constrict         |    20 |     7 ||    27
         Tentacles         |    13 |     5 ||    18
         Punch             |     1 |       ||     1
    Use: Potion            |       |     1 ||     1
   Stab: Sleeping          |     6 |     4 ||    10
 Armour: Skin              |    24 |    20 ||    44
  Dodge: Dodged            |    47 |     5 ||    52

Table legend: (Time is in decaauts)
 A = Elapsed time spent in this place.
 B = Non-inter-level travel time spent in this place.
 C = Inter-level travel time spent in this place.
 D = Time resting spent in this place.
 E = Time spent auto-exploring this place.
 F = Levels seen in this place.
 G = Mean time per level.
                   A        B        C        D        E       F      G
               +--------+--------+--------+--------+--------+-----+--------+
         Total |   1928 |   1894 |     34 |      0 |   1588 |   3 |  642.7 |
       Dungeon |   1928 |   1894 |     34 |      0 |   1588 |   3 |  642.7 |
               +--------+--------+--------+--------+--------+-----+--------+

Top non-repeatable levels by time:
     D:1: 1054 daAuts
     D:2: 743 daAuts
     D:3: 130 daAuts
